AoeStats
← 符梦安

Oasis

509291802Analyzed
2v2 RM · 7d ago on Sep 26, 2026· 43m 30s· 4 players
Game mode
Random Map
Map size
Medium (4 player)
Population
200
Speed
Normal
Resources
Standard
Victory
Conquest
Starting age
Dark Age
Ending age
Imperial Age
RankedLock teamsTeams togetherTeam positionsShared explorationLock speedFull tech treeHidden civsTurbo modeCheats
Victory
Defeat
🇺🇸 Danes · United States
929
+23
🇺🇸 Britons · United States
919
+20
🇨🇳 Spanish · China
1011
-59
🇨🇳 Huns · China
1000
-59
Akizuki_Kanna
11:45 Feudal Age
12:22 Feudal Age
13:22 Loom
17:54 Castle Age
17:05 Double-Bit Axe
26:02 Gold Mining
31:29 Horse Collar
32:55 Forging
32:35 Fletching
35:04 Bow Saw
35:52 Wheelbarrow
43:29 Hand Cart
45:47 Imperial Age
44:00 Iron Casting
43:21 Bodkin Arrow
符梦安
2:30 Loom
11:25 Feudal Age
13:13 Wheelbarrow
19:25 Castle Age
peagle
5:53 Loom
11:30 Feudal Age
12:04 Man-at-Arms
13:04 Arson
14:03 Scale Mail Armor
14:46 Wheelbarrow
20:57 Castle Age
21:30 Long Swordsman
21:56 Gambesons
22:13 Squires
21:40 Elite Skirmisher
26:32 Hand Cart
34:14 Horse Collar
34:24 Double-Bit Axe
35:20 Stone Mining
35:21 Gold Mining
38:31 Thumb Ring
39:56 Chain Mail Armor
39:35 Fletching
39:55 Forging
39:45 Padded Archer Armor
42:19 Imperial Age
40:12 Ballistics
39:48 Murder Holes
40:05 Masonry
39:45 Town Watch
41:01 Hamask
43:03 Bodkin Arrow
43:39 Plate Mail Armor
43:44 Iron Casting
Kid Waka
3:34 Loom
10:37 Feudal Age
11:14 Horse Collar
11:22 Double-Bit Axe
13:53 Fletching
14:04 Padded Archer Armor
21:38 Castle Age
21:40 Wheelbarrow
22:43 Leather Archer Armor
22:24 Bodkin Arrow
22:07 Elite Skirmisher
25:32 Hand Cart
26:43 Ballistics
27:01 Town Watch
31:44 Imperial Age
28:58 Crossbowman
32:19 Yeomen
32:44 Bow Saw
32:36 Gold Mining
32:38 Stone Mining
33:15 Conscription
34:50 Two-Man Saw
34:42 Capped Ram
36:26 Bracer
36:56 Ring Archer Armor
37:30 Chemistry
38:00 Elite Longbowman
39:29 Gold Shaft Mining
Connection lost

Rejoining the realm…

Still unreachable

The connection could not be restored.

Session expired

The server has moved on; the page needs a fresh start.